 Dungeon Crawl Stone Soup version 0.31.0-9-g3a7656b989 (webtiles) character file.

Game seed: 8785290938824521560

58 Anonkat the Slasher (level 3, 0/34 HPs)
             Began as a Minotaur Berserker on Jan 25, 2024.
             Was a Follower of Trog.
             Slain by a gnoll
             ... wielding a +0 spear
              (3 damage)
             ... on level 2 of the Dungeon.
             The game lasted 00:15:18 (2268 turns).

Anonkat the Slasher (Minotaur Berserker)            Turns: 2268, Time: 00:15:18

Health: 0/34       AC:  3    Str: 23    XL:     3   Next: 76%
Magic:  2/2        EV: 12    Int:  4    God:    Trog [*.....]
Gold:   34         SH:  0    Dex:  9    Spells: 2/2 levels left

rFire   . . .        a - +0 falchion
rCold   . . .        (no shield)
rNeg    . . .        h - +0 leather armour
rPois   .            (helmet restricted)
rElec   .            (no cloak)
rCorr   .            (no gloves)
SInv    .            (no boots)
Will    .....        (no amulet)
Stlth   +            (no ring)
HPRegen 0.25/turn    (no ring)
MPRegen 0.08/turn

%: no passive effects
@: on berserk cooldown, slowed, very slow
A: horns 2, retaliatory headbutt
a: Renounce Religion, Berserk


You were on level 2 of the Dungeon.
You worshipped Trog.
Trog was aware of your devotion.
You visited 1 branch of the dungeon, and saw 2 of its levels.

You collected 34 gold pieces.

Inventory:

Hand Weapons
 a - a +0 falchion (weapon)
Missiles
 c - 4 poisoned darts (quivered)
 d - 5 stones
Armour
 b - a +0 animal skin
 h - a +0 leather armour (worn)
Jewellery
 f - a +4 ring of slaying
Potions
 g - a potion of brilliance {unknown}


   Skills:
 + Level 4.3 Fighting
 + Level 4.7 Long Blades
 + Level 2.8 Armour
 + Level 2.6 Dodging


You had 2 spell levels left.
You didn't know any spells.
Your spell library was empty.

Dungeon Overview and Level Annotations

Branches:
Dungeon (2/15)

Altars:

Shops:
D:2 (


Innate Abilities, Weirdness & Mutations

You have a pair of horns on your head.
You reflexively headbutt those who attack you in melee.


Message History

The adder is severely wounded.
The adder misses you.
You closely miss the adder. You headbutt the adder.
You kill the adder!
Trog accepts your kill.
You completely miss the quokka. The quokka bites you.
You slash the quokka!
You kill the quokka!
Trog accepts your kill.
The gnoll hits you from afar with a +0 spear.
You enter the shallow water.
Moving in this stuff is going to be slow.
The gnoll closely misses you.
You see here a ball python corpse.
You feel a strong urge to attack something.
The gnoll barely misses you.
The gnoll hits you from afar with a +0 spear.
You are no longer berserk.
You are exhausted.
You feel yourself slow down. The gnoll closely misses you.
The gnoll splashes around in the water.
You see here a bat corpse.
You feel the effects of Trog's Hand fading.
The gnoll barely misses you. The gnoll closely misses you.
The gnoll misses you.
The gnoll hits you from afar with a +0 spear. x2
The gnoll hits you from afar with a +0 spear!
Your skin stops crawling.
You feel less strong-willed.
The gnoll hits you from afar with a +0 spear.
The gnoll barely misses you.
The gnoll hits you from afar with a +0 spear.
The gnoll hits you with a +0 spear.
* * * LOW HITPOINT WARNING * * *
You closely miss the gnoll. The gnoll hits you with a +0 spear.
* * * LOW HITPOINT WARNING * * *
The gnoll closely misses you. You furiously retaliate!
You headbutt the gnoll! You hit the gnoll but do no damage.
The gnoll is almost dead.
The gnoll hits you with a +0 spear.
You die...

#.# ######.####♣♣♣~~...~~~~~~**
#.# ######.####♣♣~~~~..~~~~~~*,
#.# ######.####♣♣~~~...~~~~~~~*
##.#########..###♣♣gw~....~~~~~**
.....##..........$♣~~~..~~~~*~~**
.....##.######.####J♣~~.~.~*,,,,,
....)....##P##.g.gg.♣♣J..~♣,,,,,,
.....###.##.##.g#####~~.S..,,,***
.....###.##P####@####*~[...,,,* *
##.......##.#####.###*,.##.,,****
##.......########........,,,,,,**
#..####......###..######*,,**,**
#..# #.##...#*.### *,,,,**,,*
#..# #.#**#...#* *,******,* #..#
#.# **### *,* *,*,* ##..####.#
*,* *,*,* .........# *,** *,*,*


You could see 2 gnolls.

Vanquished Creatures
  2 adders (D:2)
  A dart slug (D:1)
  2 ball pythons
  5 bats
  3 endoplasms (D:2)
  2 giant cockroaches
  3 hobgoblins (D:1)
  3 kobolds
  3 quokkas
  A frilled lizard (D:1)
  4 goblins
  6 rats (D:1)
35 creatures vanquished.

Notes
Turn   | Place    | Note
-------+----------+-------------------------------------------
     0 | D:1      | Anonkat the Minotaur Berserker began the quest for the Orb.
     0 | D:1      | Reached XP level 1. HP: 19/19 MP: 0/0
   300 | D:1      | Reached XP level 2. HP: 16/27 MP: 1/1
  1158 | D:2      | Reached ** piety under Trog
  1159 | D:2      | Reached XP level 3. HP: 14/33 MP: 2/2
  1612 | D:2      | Found Zezatuo's Antique Weapon Shop.
  2268 | D:2      | Slain by a gnoll

Illustrated notes

Levels and vault maps discovered:
D:1:      minmay_arrival_three_doors, layout_loops_ring
D:2:      layout_loops_ring, serial_shops, nicolae_shop_tiny_waterfront,
          serial_aquarium, aquarium_bridge_straight [aquarium_subvault_bridge,
          aquarium_subvault_window, aquarium_subvault_bridge,
          aquarium_subvault_wall], aquarium_window_corridor_2,
          aquarium_window_corner, aquarium_view_2d, aquarium_view_2c,
          aquarium_balcony_double_2, serial_bayou_ford_a

Skill      XL: |  1  2 |
---------------+-------+-----
Long Blades    | 4 |  4.7
Fighting       | 4 |  4.3
Armour         | |  2.8
Dodging        | |  2.6

Action                     || total
---------------------------++-------
  Melee: Falchion          ||    86
         Headbutt          ||    13
  Throw: Dart              ||     2
 Invoke: Berserk           ||     1
         Trog's Hand       ||     1
    Use: Potion            ||     3
         Scroll            ||     3
 Armour: Animal skin       ||    25
         Leather armour    ||    58
  Dodge: Dodged            ||    70
